 Dungeon Crawl Stone Soup version 0.31-a0-233-g139696dc86 (webtiles) character file.

Game seed: 17803982721372019417

822 qw the Shooter (level 7, -5/43 HPs)
             Began as a Gargoyle Hexslinger on July 7, 2023.
             Slain by an ogre
             ... wielding a +0 giant spiked club
              (25 damage)
             ... on level 4 of the Dungeon.
             The game lasted 00:01:35 (3718 turns).

qw the Shooter (Gargoyle Hexslinger)                Turns: 3718, Time: 00:01:35

Health: -5/43      AC: 15    Str: 15    XL:     7   Next: 95%
Magic:  7/7        EV: 11    Int: 18    God:
Gold:   463        SH:  0    Dex: 14    Spells: 7/8 levels left

rFire   + . .        d - +6 sling of a Billion Visions {freeze, Contam Str+3 Int+5}
rCold   + . .        (no shield)
rNeg    + . .        q - +1 ring mail {rC+}
rPois   inf          (no helmet)
rElec   +            (no cloak)
rCorr   .            (no gloves)
SInv    .            (no boots)
Will    .....        g - amulet of faith
Stlth   +            p - ring of protection from fire
HPRegen 0.27/turn    j - +4 ring of protection
MPRegen 0.10/turn

%: faith
@: no status effects
A: sickness immunity, AC +4, negative energy resistance 1, electricity
resistance, torment resistance 1, petrification resistance, low MP 1, devolution
1
a: no special abilities


You were on level 4 of the Dungeon.
You visited 1 branch of the dungeon, and saw 5 of its levels.
You also visited: Ossuary.

You collected 463 gold pieces.


Innate Abilities, Weirdness & Mutations

You are immune to sickness and miasma.
Your stone body is resilient. (AC +4)
You are immune to poison.
You resist negative energy. (rN+)
You are resistant to electric shocks. (rElec)
You are resistant to unholy torment.
You are immune to petrification.
Your magical capacity is low. (-10% MP)
You have hidden genetic defects.


   Skills:
 - Level 4.1 Fighting
 + Level 7.9 Ranged Weapons
 - Level 1.1 Armour
 - Level 1.5 Dodging
 - Level 1.0 Spellcasting
 - Level 2.6 Hexes


You had 7 spell levels left.
You knew the following spells:

 Your Spells              Type           Power      Damage    Failure   Level
a - Slow                  Hex            40%        N/A       13%         1

Your spell library contained the following spells:

 Spells                   Type           Power      Damage    Failure   Level
 Inner Flame              Hex/Fire       5%         N/A       56%         3
 Portal Projectile        Hex/Tloc       10%        N/A       56%         3
 Cause Fear               Hex            5%         N/A       78%         4

Inventory:

Hand Weapons
 d - the +6 sling of a Billion Visions (weapon) {freeze, Contam Str+3 Int+5}
   (You found it on level 2 of the Dungeon)

   Str:       It affects your strength (+3).
   Int:       It affects your intelligence (+5).
   Contam:    It causes magical contamination when unequipped.
Armour
 q - a +1 ring mail of cold resistance (worn)
Jewellery
 g - an amulet of faith (around neck)
 j - a +4 ring of protection (right hand)
 k - an amulet of regeneration
 p - a ring of protection from fire (left hand)
 Y - a ring of resist corrosion
Scrolls
 c - a scroll of identify
 i - a scroll of teleportation
Potions
 a - 5 potions of haste
 e - a potion of mutation
 f - a potion of enlightenment
 l - a potion of might
 m - a potion of resistance
 o - a potion of curing
 r - a potion of heal wounds

Dungeon Overview and Level Annotations

Branches:
Dungeon (5/15)            Ossuary (visited)
 Temple: D:4-7

Altars:
Kikubaaqudgha
Makhleb
Wu Jian
Xom

Shops:
D:1 :   D:2 =   D:4 :

Annotations:
D:3 1 runed translucent door, Crazy Yiuf


Message History

You shoot a sling bullet. The sling bullet hits the hound.
The sling bullet freezes the hound.
The hound is severely wounded.
The hound bites you but does no damage. The scorpion misses you.
The hound bites you but does no damage.
You shoot a sling bullet.
The sling bullet barely misses the hound.
The scorpion misses you.
The ogre hits you with a +0 giant spiked club!
The hound barely misses you.
The scorpion stings you but does no damage.
3715 ||| STAIRDANCE The hound bites you but does no damage.
The scorpion barely misses you.
The ogre hits you with a +0 giant spiked club!
The hound barely misses you.
You climb upwards.
There is a stone staircase leading down here.
Enter note:
Enter note:
Enter note:
Enter note:
Enter note:
Enter note:
Enter note:
Enter note:
Enter note:
Enter note:
Enter note:
Enter note: You shoot a sling bullet.
The sling bullet barely misses the hound.
The hound bites you but does no damage.
The scorpion stings you but does no damage.
You shoot a sling bullet. The sling bullet hits the hound!
The sling bullet freezes the hound.
You kill the hound!
The scorpion stings you but does no damage.
The ogre hits you with a +0 giant spiked club!!
Ouch! That really hurt!
You die...

#.P.#.# #.P.#.# #.P.#.#
#.P.#.# ###############
#...#.########..............
#...#........#..###########.
#.~.#...........## #.
#.~.#.....s.O....##########.
#.~.#######@.....#..........
#.~.#...# ##................
#...#...# ##.###...........
#.(.#...# #!.############.
#._.#...######'###### ##
#...#...............#
#...#...............#
#.~.#...............###
#.~.#...............'.#


You could see an ogre and a scorpion.

Vanquished Creatures
  Grinder (D:4)
  Duvessa (D:4)
  An ogre (D:4)
  A scorpion (D:4)
  Dowan (D:4)
  A hound (D:4)
  An orc priest (D:4)
  8 mummies (Ossuary)
  A gnoll (D:2)
  6 adders
  3 worms
  3 dart slugs
  2 orcs (D:4)
  6 ball pythons
  9 endoplasms
  6 giant cockroaches
  2 gnoll zombies
  9 goblins
  8 hobgoblins
  9 jackals
  6 kobolds
  2 quokkas (D:3)
  9 bats
  9 frilled lizards
  A goblin zombie (D:4)
  2 hobgoblin zombies (Ossuary)
  3 kobold zombies (Ossuary)
  2 orc zombies (Ossuary)
  7 rats
120 creatures vanquished.

Notes
Turn   | Place    | Note
-------+----------+-------------------------------------------
     0 | D:1      | qw the Gargoyle Hexslinger began the quest for the Orb.
     0 | D:1      | Reached XP level 1. HP: 12/12 MP: 2/2
     0 | D:1      | 0 ||| qw: Version: 0.3-a-46-gb1f654a
     0 | D:1      | 0 ||| qw: Game counter: 3002
     0 | D:1      | 0 ||| qw: Melee chars always use a shield: true
     0 | D:1      | 0 ||| qw: God list: Okawaru
     0 | D:1      | 0 ||| qw: Allow faded altars: false
     0 | D:1      | 0 ||| qw: Do Orc after clearing Dungeon:15 true
     0 | D:1      | 0 ||| qw: Do second Lair branch before Depths: true
     0 | D:1      | 0 ||| qw: Lair rune preference: random
     0 | D:1      | 0 ||| qw: Goals: Normal
     0 | D:1      | 0 ||| PLANNING D:1-11
   186 | D:1      | Reached XP level 2. HP: 16/16 MP: 3/3
   259 | D:1      | Reached skill level 3 in Ranged Weapons
   614 | D:1      | Found Ratoh's Book Emporium.
   928 | D:1      | Reached XP level 3. HP: 21/21 MP: 4/4
   930 | D:1      | 930 ||| UPGRADING to +0 leather armour.
   940 | D:1      | 940 ||| DROPPING +0 robe.
   941 | D:1      | 941 ||| UPGRADING to amulet of faith.
   946 | D:1      | 946 ||| UPGRADING to ring of resist corrosion.
   947 | D:1      | 947 ||| READING 3 scrolls labelled TAUXTY KYUDU ZEU.
   948 | D:1      | 948 ||| DROPPING 2 scrolls of vulnerability.
   949 | D:1      | 949 ||| DROPPING scroll of poison.
  1051 | D:2      | 1051 ||| FLEEEEING.
  1052 | D:2      | 1052 ||| STAIRDANCE
  1200 | D:2      | Found Colous's Jewellery Shoppe.
  1204 | D:2      | Identified the +6 sling of a Billion Visions {freeze,
                  | Contam Str+3 Int+5}
  1206 | D:2      | 1206 ||| SWAPPING to +6 sling of a Billion Visions {freeze,
                  | Contam Str+3 Int+5}.
  1207 | D:2      | 1207 ||| DROPPING +1 sling.
  1212 | D:2      | 1212 ||| SHOPLISTING +6 ring of dexterity (468 gold, have
                  | 33).
  1212 | D:2      | 1212 ||| SHOPLISTING +6 ring of strength (468 gold, have
                  | 33).
  1212 | D:2      | 1212 ||| SHOPLISTING amulet of regeneration (390 gold, have
                  | 33).
  1212 | D:2      | 1212 ||| SHOPLISTING ring of ice (325 gold, have 33).
  1212 | D:2      | 1212 ||| SHOPLISTING ring of positive energy (260 gold,
                  | have 33).
  1212 | D:2      | 1212 ||| SHOPLISTING ring of protection from cold (325
                  | gold, have 33).
  1321 | D:2      | Reached XP level 4. HP: 26/26 MP: 5/5
  1394 | D:2      | Reached skill level 4 in Ranged Weapons
  1933 | D:2      | 1933 ||| READING 2 scrolls labelled OBITIBIEPU.
  1934 | D:2      | 1934 ||| READING 3 scrolls labelled BAIPEN WUSUTE.
  1939 | D:2      | 1939 ||| READING scroll labelled GEILAI JIRGHO.
  1940 | D:2      | 1940 ||| READING scroll labelled UHOTATTIUPT.
  1941 | D:2      | 1941 ||| DRINKING 2 silvery potions.
  2071 | D:3      | Found an ancient bone altar of Kikubaaqudgha.
  2195 | D:3      | Reached XP level 5. HP: 30/30 MP: 6/6
  2312 | D:3      | Found a runed translucent door.
  2313 | D:3      | Noticed Crazy Yiuf
  2345 | D:3      | Reached skill level 5 in Ranged Weapons
  2465 | D:3      | Found an ornate altar of the Wu Jian Council.
  2523 | D:3      | 2523 ||| READING 2 scrolls of identify.
  2523 | D:3      | 2523 ||| IDENTIFYING amethyst potion
  2558 | D:4      | 2558 ||| PLANNING OSSUARY
  2692 | D:4      | Noticed Dowan
  2694 | D:4      | Noticed Duvessa
  2704 | D:4      | Killed Duvessa
  2705 | D:4      | Reached XP level 6. HP: 13/38 MP: 7/7
  2710 | D:4      | HP: 8/38 [Dowan/+0 dagger (3)]
  2711 | D:4      | 2711 ||| READING 2 scrolls of teleportation.
  2712 | D:4      | 2712 ||| DRINKING potion of heal wounds.
  2714 | D:4      | Killed Dowan
  2784 | D:4      | Noticed Grinder
  2799 | D:4      | Killed Grinder
  2800 | D:4      | Reached skill level 6 in Ranged Weapons
  2800 | D:4      | Reached XP level 7. HP: 15/43 MP: 8/8
  2953 | D:4      | Found Jaakhlex's Book Boutique.
  2998 | D:4      | Found a shimmering altar of Xom.
  3111 | D:4      | Reached skill level 7 in Ranged Weapons
  3138 | D:4      | Found a sand-covered staircase.
  3146 | D:4      | 3146 ||| UPGRADING to +1 ring mail of cold resistance.
  3156 | D:4      | 3156 ||| DROPPING +0 leather armour.
  3157 | D:4      | 3157 ||| UPGRADING to +4 ring of protection.
  3158 | D:4      | 3158 ||| UPGRADING to ring of protection from fire.
  3160 | D:4      | 3160 ||| DRINKING 3 lumpy sapphire potions.
  3161 | D:4      | 3161 ||| READING 2 scrolls of identify.
  3161 | D:4      | 3161 ||| IDENTIFYING murky sapphire potion
  3162 | D:4      | 3162 ||| DROPPING potion of degeneration.
  3163 | D:4      | 3163 ||| DROPPING 2 potions of attraction.
  3168 | Ossuary  | Entered an ossuary
  3197 | Ossuary  | Reached skill level 1 in Armour
  3485 | Ossuary  | 3485 ||| DRINKING 2 bubbling blue potions.
  3485 | Ossuary  | Gained mutation: You have hidden genetic defects. [potion
                  | of mutation]
  3485 | Ossuary  | Gained mutation: Your magical capacity is low. (-10% MP)
                  | [potion of mutation]
  3486 | Ossuary  | 3486 ||| DRINKING 2 lumpy grey potions.
  3487 | Ossuary  | 3487 ||| DRINKING 2 viscous blue potions.
  3488 | Ossuary  | 3488 ||| READING 5 scrolls of identify.
  3488 | Ossuary  | 3488 ||| IDENTIFYING viscous cyan potion
  3489 | Ossuary  | 3489 ||| READING 4 scrolls of identify.
  3489 | Ossuary  | 3489 ||| IDENTIFYING grey potion
  3490 | Ossuary  | 3490 ||| READING 3 scrolls of identify.
  3490 | Ossuary  | 3490 ||| IDENTIFYING purple potion
  3491 | Ossuary  | 3491 ||| READING 2 scrolls of identify.
  3491 | Ossuary  | 3491 ||| IDENTIFYING smoky pink potion
  3492 | Ossuary  | 3492 ||| DROPPING potion of berserk rage.
  3493 | Ossuary  | 3493 ||| DROPPING potion of magic.
  3513 | D:4      | 3513 ||| PLANNING D:1-11
  3553 | D:4      | Found a burning altar of Makhleb.
  3707 | D:5      | Entered Level 5 of the Dungeon
  3715 | D:5      | 3715 ||| STAIRDANCE
  3718 | D:4      | Slain by an ogre

Levels and vault maps discovered:
D:1:      wander_arrival_chamber, layout_basic, serial_shops, shop, minivault_5,
          minmay_split_cup_large
D:2:      minmay_razor_zed, layout_basic, serial_shops, shop,
          cheibrodos_gnoll_hut
D:3:      layout_basic, nicolae_overflow_crystal_walls,
          nicolae_wu_jian_immortal_techniques, serial_park_tiny_2,
          uniq_crazy_yiuf_cottage
D:4:      layout_basic, mainiacjoe_overflow_boulevard,
          mainiacjoe_overflow_cross_hatched, serial_shops, shop,
          enter_ossuary_3, uniq_grinder, uniq_duvessa
D:5:      layout_basic

Skill      XL: |  1  2  3  4  5  6  7 |
---------------+----------------------+-----
Ranged Weapons | 3 4 5 6 7 |  7.9
Fighting       | 2 4 |  4.1
Armour         | 1 |  1.1
Dodging        | |  1.5
Spellcasting   | |  1.0
Hexes          | |  2.6

Action                     |  1- 3 |  4- 6 |  7- 9 || total
---------------------------+-------+-------+-------++-------
   Fire: Sling             |   100 |   124 |   102 ||   326
    Use: Scroll            |     1 |     6 |     5 ||    12
         Potion            |       |     2 |     4 ||     6
 Armour: Robe              |     6 |       |       ||     6
         Leather armour    |    13 |    17 |     4 ||    34
         Ring mail         |       |       |    23 ||    23
  Dodge: Dodged            |    35 |    35 |    27 ||    97

Table legend:
 A = Non-vault XP
 B = Vault XP
 C = Vault XP percentage of total XP
 D = Non-vault monster count
 E = Vault monster count
 F = Vault count percentage of total count
                 A         B        C        D         E       F
            +---------+---------+-------+---------+---------+-------
      Total |     478 |     739 |  60.7 |      77 |      43 |  35.8
            +---------+---------+-------+---------+---------+-------
        D:1 |      30 |       6 |  16.7 |      15 |       4 |  21.1
        D:2 |      38 |      62 |  62.0 |      17 |      18 |  51.4
        D:3 |      66 |       0 |   0.0 |      27 |       0 |   0.0
        D:4 |     344 |     518 |  60.1 |      18 |       5 |  21.7
    Ossuary |       0 |     153 | 100.0 |       0 |      16 | 100.0
            +---------+---------+-------+---------+---------+-------
